 Dungeon Crawl Stone Soup version 0.29.1 (webtiles) character file.

Game seed: 14865051857170815968

225 Cape the Chopper (level 5, -4/72 HPs)
             Began as a Minotaur Berserker on Sept 14, 2022.
             Was a Believer of Trog.
             Slain by owoPain's ghost (12 damage)
             ... on level 3 of the Dungeon.
             The game lasted 00:06:34 (2835 turns).

Cape the Chopper (Minotaur Berserker)               Turns: 2835, Time: 00:06:34

Health: -4/72      AC:  9    Str: 23    XL:     5   Next: 68%
Magic:  5/5        EV: 11    Int:  4    God:    Trog [**....]
Gold:   160        SH:  0    Dex: 10    Spells: 4/4 levels left

rFire   . . .      SeeInvis .   a - +0 hand axe
rCold   . . .      Faith    .   (no shield)
rNeg    . . .      Spirit   .   j - +0 ring mail
rPois   .          Reflect  .   (helmet restricted)
rElec   .          Harm     .   t - +0 cloak
rCorr   .          Rampage  .   i - +0 pair of gloves
Will    ++...                   g - +0 pair of boots
Stlth   ..........              (no amulet)
HPRegen 1.22/turn               (no ring)
MPRegen 0.09/turn               (no ring)

@: berserking, strong-willed, regenerating, very quick
A: horns 2, retaliatory headbutt
a: Renounce Religion, Berserk, Trog's Hand


You were on level 3 of the Dungeon.
You worshipped Trog.
Trog was pleased with you.
You visited 1 branch of the dungeon, and saw 3 of its levels.

You collected 160 gold pieces.

Inventory:

Hand Weapons
 a - a +0 hand axe (weapon)
 s - a +0 hammer
Missiles
 h - 5 poisoned darts
 n - 4 silver boomerangs (quivered)
Armour
 g - a +0 pair of boots (worn)
 i - a +0 pair of gloves (worn)
 j - a +0 ring mail (worn)
 t - a +0 cloak (worn)
Jewellery
 q - a ring of ice
Wands
 r - a wand of polymorph (3)
Scrolls
 b - a scroll of teleportation {unknown}
 d - 6 scrolls of identify {unknown}
 e - 2 scrolls of poison {unknown}
 f - a scroll of amnesia {unknown}
 k - a scroll of vulnerability {unknown}
 p - a scroll of fog {unknown}
Potions
 c - a potion of might {unknown}
 l - a potion of lignification {unknown}
 m - 2 potions of mutation {unknown}
 o - 2 potions of heal wounds


   Skills:
 * Level 5.1 Fighting
 * Level 5.2 Axes
 + Level 3.4 Armour
 + Level 3.1 Dodging
 + Level 1.9 Invocations


You had 4 spell levels left.
You didn't know any spells.
Your spell library was empty.

Dungeon Overview and Level Annotations

Branches:
Dungeon (3/15)

Altars:

Annotations:
D:3 1 transporter, owoPain's ghost, weakling PaFi


Innate Abilities, Weirdness & Mutations

You have a pair of horns on your head.
You reflexively headbutt those who attack you in melee.


Message History

The quasit claws you. OwoPain's ghost hits you!
You barely miss the quasit. Your headbutt misses the quasit.
The quasit is lightly wounded.
You hit owoPain's ghost. The quasit bites you.
The quasit claws you but does no damage. x2
OwoPain's ghost hits you!
You slash the quasit!
The quasit is severely wounded.
You hit owoPain's ghost. The quasit closely misses you. x2
The quasit barely misses you. OwoPain's ghost closely misses you.
The quasit bites you but does no damage.
The quasit closely misses you. The quasit misses you.
You closely miss the quasit. Your headbutt misses the quasit.
The quasit is severely wounded.
You hit owoPain's ghost. The quasit misses you. x2
The quasit claws you but does no damage.
OwoPain's ghost hits you!
You hit the quasit.
You headbutt the quasit, but do no damage.
The quasit is almost dead.
You hit owoPain's ghost but do no damage.
The quasit bites you but does no damage.
The quasit closely misses you.
The quasit claws you but does no damage.
OwoPain's ghost hits you.
* * * LOW HITPOINT WARNING * * *
A red film seems to cover your vision as you go berserk!
You feel yourself moving faster!
You feel mighty!
The quasit bites you but does no damage.
The quasit claws you but does no damage. x2
OwoPain's ghost hits you!
* * * LOW HITPOINT WARNING * * *
The quasit bites you.
* * * LOW HITPOINT WARNING * * *
The quasit closely misses you.
The quasit claws you but does no damage.
You closely miss the quasit.
The quasit is almost dead.
You hit owoPain's ghost. OwoPain's ghost hits you!
You die...

#######.###.####.......#
.......## ##.....#.###.#
.######.###.#..........##
)#######......####©###..##
...)......#####. ###5##..#
########..#....# .....##.#
#.##...#. .#....#.#
#.#......#..##..#.##
#.#©.##..@..#...#..#
#.#.....#5W...#.##.#
#.##.##..=###....#.#
#..#.....!$..#..##.#
##.##..##### .###..#
#..####.©.####...##
##.............###
#####.#..#...###.#
#........###..##.#


You could see a quasit and owoPain's ghost.

Vanquished Creatures
  Crazy Yiuf (D:3)
  Natasha (thrice) (D:3)
  3 gnolls (D:3)
  3 adders
  3 dart slugs
  4 orcs (D:3)
  7 bats
  2 endoplasms
  5 giant cockroaches
  2 goblins
  4 hobgoblins
  3 jackals (D:2)
  8 kobolds
  2 quokkas (D:2)
  4 ball pythons
  3 frilled lizards
  4 rats
61 creatures vanquished.

Vanquished Creatures (others)
  3 fungi (D:3)
3 creatures vanquished.

Grand Total: 64 creatures vanquished

Notes
Turn   | Place    | Note
-------+----------+-------------------------------------------
     0 | D:1      | Cape the Minotaur Berserker began the quest for the Orb.
     0 | D:1      | Reached XP level 1. HP: 19/19 MP: 0/0
   267 | D:1      | Reached XP level 2. HP: 27/27 MP: 1/1
   690 | D:1      | Found a faded altar of an unknown god.
  1146 | D:2      | Reached XP level 3. HP: 31/33 MP: 2/2
  1490 | D:2      | Reached skill level 1 in Invocations
  1902 | D:3      | Found a transporter.
  1904 | D:3      | Noticed owoPain's ghost (weakling PaFi)
  1974 | D:3      | Found a transporter.
  1985 | D:3      | Reached XP level 4. HP: 41/41 MP: 3/3
  1987 | D:3      | Reached ** piety under Trog
  2271 | D:3      | Noticed Natasha
  2276 | D:3      | Killed Natasha
  2277 | D:3      | Reached XP level 5. HP: 47/47 MP: 5/5
  2357 | D:3      | Found a runed translucent door.
  2358 | D:3      | Noticed Crazy Yiuf
  2451 | D:3      | Noticed Natasha
  2460 | D:3      | Killed Natasha
  2461 | D:3      | Reached skill level 5 in Axes
  2549 | D:3      | Noticed Natasha
  2564 | D:3      | Killed Natasha
  2565 | D:3      | Reached skill level 5 in Fighting
  2760 | D:3      | Killed Crazy Yiuf
  2835 | D:3      | Slain by owoPain's ghost

Illustrated notes

Levels and vault maps discovered:
D:1:      amcnicky_arrival_choice, layout_rooms, ebering_ecumenical_altar_ruins,
          serial_corexii_hall, chequers_hall_statues_wall_a,
          chequers_hall_statues_y, corexii_hall_statues_t
D:2:      layout_loops_ring, patterned_corridor
D:3:      layout_loops_ring, gammafunk_ghost_stat_death, uniq_natasha,
          uniq_crazy_yiuf_cottage

Skill      XL: |  1  2  3  4  5 |
---------------+----------------+-----
Axes           | 4 5 |  5.2
Fighting       | 4 5 |  5.1
Invocations    | 1 |  1.9
Armour         | 3 |  3.4
Dodging        | 3 |  3.1

Action                   |  1- 3 |  4- 6 || total
-------------------------+-------+-------++-------
Melee: Hand axe          |    95 |    57 ||   152
       Headbutt          |    14 |     5 ||    19
       Punch             |     2 |       ||     2
       Unarmed           |       |     4 ||     4
Invok: Berserk           |       |     3 ||     3
       Trog's Hand       |       |     2 ||     2
Armor: Animal skin       |    12 |       ||    12
       Ring mail         |    24 |    37 ||    61
       Skin              |       |     2 ||     2
Dodge: Dodged            |    48 |    44 ||    92
